Map: Zielone pola

Players

Phoenix

  • Race: Protoss Protoss
  • Spawn Location: 9:00

Knoker

  • Race: Terran Terran
  • Spawn Location: 1:00

Виталий

  • Race: Zerg Zerg
  • Spawn Location: 3:00

Gracz

  • Race: Terran Terran
  • Spawn Location: 12:00

GhostID

  • Race: Zerg Zerg
  • Spawn Location: 6:00

venanovis

  • Race: Zerg Zerg
  • Spawn Location: 7:00

VOD

Have the link to the VOD?

Description

Time

  • Played on: March 1, 2016, 1:23 p.m.
  • Length: 17:38
Show
View Real Time Build Order
Export as new Build Order

Phoenix Protoss 

Build Orders: Oracle Opening, Phoenix Opening 

Get SALT Encoding   

  12  0:03  Probe (Chrono Boost)  
  13  0:13  Pylon  
  13  0:18  Probe (Chrono Boost)  
  14  0:31  Gateway  
  14  0:35  Probe (Chrono Boost)  
  15  0:48  Probe (Chrono Boost)  
  16  0:50  Assimilator  
  16  0:54  Assimilator  
  16  0:58  Probe (Chrono Boost)  
  17  1:14  Probe (Chrono Boost)  
  18  1:21  Cybernetics Core  
  18  1:27  Pylon  
  18  1:29  Probe (Chrono Boost)  
  19  1:44  Probe (Chrono Boost)  
  20  1:55  Probe (Chrono Boost)  
  20  1:58  Stargate  
  21  2:06  Pylon  
  21  2:07  Probe (Chrono Boost)  
  22  2:20  Mothership Core (Chrono Boost)  
  23  2:38  Probe (Chrono Boost)  
  23  2:43  Oracle (Chrono Boost)  
  26  2:49  Probe  
  27  3:01  Probe  
  28  3:14  Oracle (Chrono Boost)  
  28  3:15  Probe  
  32  3:27  Probe  
  32  3:39  Probe  
  33  3:48  Phoenix (Chrono Boost)  
  35  3:51  Probe  
  35  3:52  Stargate  
  35  3:53  Pylon  
  38  4:10  Phoenix (Chrono Boost)  
  38  4:16  Probe  
  39  4:23  Nexus  
  39  4:28  Probe  
  39  4:46  Probe, Phoenix (Chrono Boost)  
  39  4:49  Phoenix (Chrono Boost)  
  39  4:52  Forge  
  44  4:56  Pylon  
  43  5:17  Phoenix (Chrono Boost)  
  43  5:26  Phoenix (Chrono Boost)  
  43  5:28  Probe  
  46  5:32  Photon Cannon  
  46  5:37  Photon Cannon  
  46  5:45  Phoenix (Chrono Boost)  
  44  5:59  Probe  
  45  6:05  Phoenix (Chrono Boost)  
  47  6:17  Probe  
  48  6:29  Probe  
  49  6:55  Pylon  
  49  6:59  Pylon, Phoenix (Chrono Boost)  
  49  7:00  Probe x2, Phoenix (Chrono Boost)  
  55  7:14  Assimilator  
  55  7:15  Assimilator, Probe  
  56  7:23  Probe  
  57  7:34  Probe  
  58  7:46  Probe  
  59  7:58  Probe  
  56  8:11  Phoenix (Chrono Boost)  
  56  8:12  Phoenix (Chrono Boost)  
  60  8:16  Probe  
  61  8:28  Probe  
  61  8:33  Phoenix x2 (Chrono Boost)  
  66  8:36  Stargate  
  66  8:38  Pylon, Protoss Air Weapons Level 1  
  66  8:40  Pylon, Probe  
  67  8:52  Probe  
  68  9:01  Phoenix x2 (Chrono Boost)  
  72  9:07  Pylon  
  72  9:08  Probe  
  72  9:09  Pylon  
  73  9:12  Pylon  
  73  9:23  Phoenix (Chrono Boost)  
  73  9:50  Phoenix (Chrono Boost)  
  75  10:07  Phoenix (Chrono Boost)  
  75  10:09  Pylon  
  75  10:11  Phoenix (Chrono Boost)  
  79  10:18  Probe  
  80  10:25  Pylon  
  80  10:30  Pylon, Probe  
  80  10:33  Photon Cannon  
  81  10:42  Probe  
  82  10:45  Nexus  
  82  10:48  Assimilator  
  84  10:50  Phoenix x2 (Chrono Boost)  
  84  10:52  Assimilator  
  88  10:57  Pylon  
  88  10:59  Pylon, Phoenix (Chrono Boost)  
  88  11:01  Protoss Air Armor Level 1  
  88  11:02  Pylon  
  88  11:10  Fleet Beacon  
  88  11:12  Probe  
  89  12:03  Phoenix x3 (Chrono Boost)  
  89  12:05  Probe  
  96  12:14  Stargate, Anion Pulse-Crystals  
  96  12:15  Protoss Shields Level 1  
  96  12:17  Probe  
  96  12:20  Cybernetics Core  
  97  12:23  Pylon  
  97  12:25  Probe  
  97  12:29  Probe  
  99  12:30  Photon Cannon  
  99  12:37  Probe  
  99  12:41  Probe  
  101  12:54  Probe  
  102  13:06  Probe  
  103  13:18  Phoenix x3 (Chrono Boost)  
  101  13:25  Phoenix (Chrono Boost)  
  95  14:14  Phoenix (Chrono Boost)  
  95  14:15  Phoenix x2 (Chrono Boost)  
  100  14:18  Phoenix (Chrono Boost)  
  98  14:32  Protoss Air Weapons Level 2  
  98  14:36  Phoenix x2 (Chrono Boost)  
  98  14:37  Pylon, Probe, Phoenix (Chrono Boost)  
  105  14:38  Pylon  
  105  14:49  Probe  
  106  15:02  Probe  
  107  15:14  Probe  
  108  15:23  Tempest x3 (Chrono Boost)  
  108  15:26  Probe  
  108  15:27  Twilight Council  
  125  15:29  Tempest (Chrono Boost)  
  125  15:30  Stargate  
  125  15:38  Probe  
  126  16:10  Tempest x2 (Chrono Boost)  
  138  16:14  Probe  
  138  16:16  Tempest (Chrono Boost)  
  143  16:35  Tempest (Chrono Boost)  
  137  16:56  Tempest x2 (Chrono Boost)  
Show
View Real Time Build Order
Export as new Build Order

Knoker Terran 

Build Orders:  

Get SALT Encoding   

  12  0:01  SCV  
  13  0:13  SCV  
  14  0:18  Supply Depot  
  14  0:25  SCV  
  15  0:40  SCV  
  16  0:45  Barracks  
  16  0:52  SCV  
  17  0:58  Refinery  
  18  1:04  SCV  
  18  1:16  SCV  
  19  1:28  SCV  
  20  1:38  Supply Depot  
  20  1:42  Orbital Command  
  20  1:44  Reaper  
  21  2:03  Command Center  
  21  2:08  SCV  
  22  2:13  Refinery  
  22  2:17  Barracks  
  22  2:19  Barracks Tech Lab  
  22  2:20  SCV  
  23  2:32  SCV  
  24  2:42  Factory  
  24  2:44  SCV  
  25  2:56  SCV  
  26  2:58  Marine  
  27  3:08  SCV  
  27  3:09  Barracks  
  28  3:17  Supply Depot  
  28  3:19  Supply Depot  
  28  3:20  SCV  
  30  3:33  Orbital Command  
  29  3:35  SCV  
  30  3:47  SCV  
  31  3:50  Stimpack  
  31  3:53  Marine  
  32  3:56  Widow Mine  
  32  3:58  SCV  
  35  4:08  Engineering Bay  
  35  4:09  Engineering Bay  
  35  4:11  SCV  
  35  4:13  Orbital Command  
  35  4:14  Barracks Reactor  
  35  4:15  Barracks Reactor  
  36  4:18  Marine  
  30  4:47  SCV x2  
  32  4:59  SCV x2  
  34  5:01  Missile Turret  
  28  5:11  SCV  
  28  5:12  Marine x3  
  32  5:19  SCV  
  33  5:23  SCV  
  33  5:24  Missile Turret  
  34  5:31  SCV  
  35  5:40  SCV  
  35  5:41  Command Center  
  36  5:45  Bunker  
  35  5:52  SCV  
  36  5:57  Marine x3  
  36  5:59  Orbital Command  
  36  6:03  Starport  
  39  6:07  Factory Reactor  
  39  6:08  SCV  
  39  6:10  Marine  
  39  6:11  Marine  
  42  6:13  Terran Infantry Weapons Level 1  
  42  6:15  Marine x3  
  45  6:28  Marine  
  43  6:42  Missile Turret  
  41  6:52  Missile Turret  
  41  6:53  Marine x5  
  46  6:57  SCV  
  46  6:58  SCV  
  46  7:01  Terran Infantry Armor Level 1  
  48  7:04  Widow Mine  
  50  7:08  Planetary Fortress  
  50  7:11  Marine x2  
  50  7:12  SCV  
  52  7:27  SCV  
  53  7:34  SCV  
  54  7:39  SCV  
  54  7:44  Starport Reactor  
  56  7:51  SCV  
  56  7:53  SCV  
  56  7:54  SCV  
  58  8:03  SCV  
  58  8:05  Missile Turret  
  52  8:08  Marine x5  
  56  8:15  SCV  
  57  8:26  Marine x5  
  61  8:27  Barracks  
  61  8:29  Barracks  
  59  8:35  Barracks  
  59  8:36  SCV  
  60  8:42  SCV x2  
  60  8:43  Marine  
  60  8:44  Marine x4  
  60  8:48  SCV  
  65  8:52  Medivac x2  
  65  8:54  SCV x2  
  70  9:00  SCV  
  70  9:01  Marine x2  
  70  9:02  Marine  
  74  9:06  SCV x2  
  76  9:12  SCV  
  74  9:24  SCV  
  69  9:31  Barracks Reactor x2  
  69  9:32  Marine x5  
  69  9:34  Widow Mine  
  76  9:43  Widow Mine  
  77  9:50  Missile Turret  
  77  10:01  Marine  
  77  10:15  Supply Depot  
  77  10:17  Supply Depot  
  77  10:20  Supply Depot  
  77  10:30  Armory  
  77  10:36  Marine, Widow Mine  
  77  10:37  Medivac x2, SCV  
  77  10:39  Marine x6, SCV x2  
  77  10:42  Marine x2, Refinery  
  95  10:45  Refinery  
  95  10:49  SCV  
  96  10:51  SCV x2  
  96  10:54  Marine  
  96  10:56  Marine x2  
  101  11:04  Refinery  
  101  11:05  Supply Depot  
  101  11:08  Supply Depot x2  
  101  11:27  Marine x4, Medivac, SCV x2  
  101  11:29  Marine x2, Medivac  
  101  11:31  Refinery  
  111  11:39  SCV  
  104  11:51  SCV  
  104  11:52  Marine  
  104  11:53  Marine x7  
  104  11:54  Marine  
  101  11:56  Missile Turret  
  101  11:57  Medivac  
  101  11:59  Medivac  
  97  12:03  SCV  
  97  12:05  Missile Turret  
  98  12:10  Marine  
  98  12:11  Marine x8  
  107  12:15  SCV  
  107  12:17  Missile Turret  
  106  12:27  Medivac  
  106  12:28  Marine x2, SCV  
  106  12:29  Marine x2, Medivac  
  115  12:30  Terran Infantry Weapons Level 2, Marauder  
  115  12:31  Terran Infantry Armor Level 2  
  115  12:40  SCV  
  114  12:51  Marauder  
  114  12:52  SCV  
  107  13:01  Marine  
  107  13:02  Marine x7  
  115  13:13  Marauder  
  115  13:19  Marine x2  
  112  13:20  Marine x6  
  112  13:51  Marine  
  110  14:01  Marine x2  
  110  14:02  Marine  
  110  14:03  Marine x4  
  110  14:06  Marauder  
  110  14:08  Marine  
  105  14:19  Marine x2  
  105  14:20  Marine x4  
  105  14:21  Marine  
  101  14:26  Marine  
  101  14:27  Marauder  
  63  14:37  Marine x2  
  64  14:49  Marauder  
  50  15:10  Marauder  
Show
View Real Time Build Order
Export as new Build Order

Виталий Zerg 

Build Orders: Pool First, Lurkers 

Get SALT Encoding   

  12  0:02  Drone  
  13  0:14  Drone  
  14  0:30  Spawning Pool  
  14  0:34  Extractor  
  12  0:36  Drone x2  
  14  0:48  Overlord  
  14  1:06  Overlord  
  14  1:18  Zergling x4  
  16  1:19  Queen  
  18  1:33  Zergling x4  
  18  1:39  Metabolic Boost  
  20  1:49  Zergling x2  
  21  1:57  Spore Crawler  
  20  2:08  Spine Crawler  
  19  2:10  Zergling x4  
  21  2:22  Evolution Chamber  
  20  2:30  Zergling x4  
  20  2:32  Zergling x2  
  23  2:38  Zergling x2  
  24  2:44  Zergling x2  
  24  2:50  Zergling x2  
  26  2:58  Zergling x2  
  15  4:07  Zergling x8  
  15  4:08  Zergling x2  
  20  4:14  Lair  
  20  4:47  Drone x5  
  25  5:15  Drone x2  
  25  5:16  Drone x2  
  25  5:20  Spore Crawler  
  28  5:24  Spore Crawler  
  27  5:35  Hydralisk Den  
  26  5:50  Zergling x8  
  20  6:51  Hydralisk  
  20  6:54  Overlord x5  
  21  7:36  Muscular Augments  
  21  7:38  Zerg Missile Weapons Level 1  
  16  7:51  Queen  
  18  8:00  Spore Crawler  
  18  8:01  Drone x2  
  18  8:02  Drone x2  
  21  8:24  Drone x2  
  21  8:25  Drone  
  24  8:35  Drone  
  24  8:36  Drone  
  26  9:04  Spore Crawler  
  25  9:11  Hydralisk x4  
  33  9:23  Lurker Den  
  33  9:32  Zerg Ground Armor Level 1  
  22  9:51  Drone  
  22  9:52  Overlord, Drone  
  24  9:53  Zergling x6  
  27  10:26  Hatchery  
  26  10:32  Drone x2  
  28  10:49  Extractor  
  27  10:56  Hydralisk x2  
  31  11:13  Drone x3  
  31  11:17  Hydralisk  
  36  11:23  Hydralisk  
  38  11:37  Hydralisk  
  40  11:48  Drone  
  41  12:00  Lurker  
  42  12:08  Lurker  
  43  12:15  Drone x3  
  34  12:44  Hydralisk x2  
  34  12:50  Drone  
  39  12:53  Hydralisk x3  
  45  13:05  Hydralisk  
  47  13:15  Drone x2  
  49  13:50  Spore Crawler  
  46  13:59  Drone x3  
  51  14:02  Lurker  
  51  14:03  Lurker  
  51  14:14  Zerg Missile Weapons Level 2  
  51  14:39  Drone x3  
  54  14:52  Spore Crawler  
  54  14:57  Spore Crawler  
  54  14:58  Hydralisk x4  
  54  14:59  Hydralisk x5  
  70  15:07  Drone  
  70  15:08  Drone  
  71  15:24  Spore Crawler  
  71  15:27  Spore Crawler  
  69  15:30  Spore Crawler  
  69  15:31  Spore Crawler  
  69  15:33  Drone, Spore Crawler  
  69  15:34  Drone x2  
  69  15:40  Spore Crawler  
  68  15:43  Spore Crawler  
  63  16:45  Hydralisk x2  
  63  16:46  Hydralisk x2  
  70  16:48  Overlord x3  
  70  16:49  Overlord x2  
Show
View Real Time Build Order
Export as new Build Order

Gracz Terran 

Build Orders:  

Get SALT Encoding   

  12  0:05  SCV  
  13  0:17  SCV  
  14  0:29  SCV  
  14  0:32  Refinery  
  14  0:33  Supply Depot  
  15  0:49  Engineering Bay  
  15  1:01  SCV  
  15  1:02  Barracks  
  16  1:13  SCV  
  17  1:21  Barracks  
  17  1:25  SCV  
  18  1:48  Terran Infantry Armor Level 1  
  18  1:52  Orbital Command  
  18  2:02  Barracks Reactor  
  18  2:03  Refinery  
  18  2:14  Marine  
  19  2:32  Marine  
  20  2:43  Factory  
  20  2:51  Barracks Reactor  
  20  2:52  Marine x2  
  22  3:15  Supply Depot  
  22  3:17  Reaper  
  23  3:29  Factory Tech Lab  
  23  3:32  Factory  
  23  3:36  SCV, Reaper  
  23  3:40  Barracks  
  9  4:05  SCV  
  10  4:11  Supply Depot  
  10  4:16  Cyclone  
  13  4:17  SCV  
  14  4:29  SCV  
  15  4:32  Barracks Tech Lab  
  15  4:41  SCV  
  16  4:53  SCV  
  17  5:21  Supply Depot  
  17  5:33  Terran Infantry Weapons Level 1  
  17  5:42  SCV  
  18  5:52  Supply Depot  
  18  5:54  SCV  
  18  5:57  Marine, Reaper x2  
  22  6:07  SCV  
  23  6:19  SCV  
  24  6:31  SCV  
  25  6:43  SCV  
  26  6:49  Marine x2  
  26  6:50  Marine x2  
  30  7:00  Ghost Academy  
  30  7:01  Supply Depot  
  30  7:06  Factory Tech Lab  
  30  7:37  Starport  
  30  7:38  SCV  
  31  7:50  SCV  
  32  8:14  Starport, Personal Cloaking  
  32  8:22  SCV  
  33  8:28  Starport Tech Lab  
  33  8:34  SCV  
  34  8:46  SCV  
  35  8:56  Hellion x2  
  35  8:58  SCV  
  40  9:04  Armory  
  40  9:07  Starport Tech Lab  
  40  9:23  Marine x2  
  40  9:24  Marine x2  
  42  9:25  Ghost  
  46  9:40  Nuke  
  46  10:02  Fusion Core  
  46  10:38  Building Armor  
  46  10:56  Marine x2, Ghost  
  48  10:57  Marine  
  48  10:58  Marine  
  50  12:16  Battlecruiser  
  50  12:18  Hi-Sec Auto Tracking  
  35  13:01  Marine x2  
  35  13:02  Marine x2  
  19  13:19  Marine x3, Ghost  
  21  13:20  Marine  
  25  13:37  Marine x4  
  29  13:47  Battlecruiser  
  29  13:48  Ghost  
  35  13:50  SCV  
  35  13:54  Marine  
  35  13:55  Marine x2  
  39  14:02  SCV  
  42  14:14  Viking, SCV  
  45  14:26  SCV  
  47  14:38  SCV  
  47  14:50  SCV  
  54  15:02  SCV  
  55  15:14  SCV  
  55  15:19  Command Center  
  36  16:16  Thor  
  36  16:17  Thor  
  48  16:18  Marine  
  48  16:19  Marine  
  48  16:20  Marine x2  
  52  16:36  Marine  
  52  16:37  Marine x2  
  52  16:38  Marine  
  27  16:54  Marine x2  
  27  16:55  Marine x2  
  23  17:12  Marine x2  
  23  17:13  Marine x2  
Show
View Real Time Build Order
Export as new Build Order

GhostID Zerg 

Build Orders: Pool First 

Get SALT Encoding   

  12  0:06  Drone  
  13  0:14  Drone  
  14  0:23  Overlord  
  14  0:42  Drone x2  
  16  1:03  Spawning Pool  
  15  1:10  Drone  
  16  1:11  Drone  
  17  1:20  Hatchery  
  16  1:32  Drone x2  
  18  1:37  Extractor  
  18  1:38  Drone  
  18  1:39  Extractor  
  17  2:02  Spine Crawler  
  17  2:05  Drone x3  
  17  2:06  Queen  
  21  2:16  Spore Crawler  
  20  2:40  Overlord  
  20  2:41  Overlord  
  20  2:42  Queen  
  22  3:05  Zergling x6  
  25  3:11  Queen  
  27  3:13  Drone x3  
  29  3:39  Zergling x8  
  29  3:43  Spine Crawler  
  29  3:47  Spine Crawler  
  26  4:06  Metabolic Boost  
  26  4:10  Lair  
  26  4:20  Drone x2  
  26  4:21  Drone  
  29  4:29  Spine Crawler  
  28  4:36  Drone x5  
  28  4:37  Drone x2  
  35  4:38  Overlord  
  35  5:23  Drone x6  
  35  5:28  Extractor  
  40  5:33  Extractor  
  39  5:50  Spire  
  39  5:55  Zergling x4, Infestation Pit  
  39  6:20  Drone x6  
  39  6:21  Drone x2  
  47  6:32  Hive  
  47  7:24  Corruptor  
  47  7:25  Corruptor  
  47  7:27  Overlord x4  
  47  7:28  Overlord  
  51  7:48  Corruptor x3  
  51  7:49  Corruptor x2  
  57  8:00  Pneumatized Carapace  
  57  8:13  Greater Spire  
  57  9:52  Corruptor  
  57  9:53  Corruptor x8  
  57  9:54  Corruptor x2  
  57  9:57  Overlord x5  
  57  9:58  Overlord  
  79  10:16  Evolution Chamber x2  
  77  10:38  Brood Lord x3  
  83  10:44  Brood Lord  
  85  10:59  Zerg Flyer Weapons Level 1  
  85  11:07  Overseer x2  
  85  11:09  Overseer  
  73  11:59  Brood Lord x3  
  79  12:35  Hatchery  
  78  12:44  Corruptor  
  78  12:45  Corruptor x5  
  88  14:16  Brood Lord x3  
  86  16:24  Corruptor x5  
  86  16:25  Corruptor  
  94  16:57  Brood Lord  
  94  16:58  Brood Lord x5  
Show
View Real Time Build Order
Export as new Build Order

venanovis Zerg 

Build Orders: Hatch First 

Get SALT Encoding   

  12  0:07  Drone  
  13  0:14  Overlord  
  13  0:21  Drone  
  14  0:46  Hatchery  
  14  0:48  Drone  
  14  0:51  Drone  
  14  0:56  Drone  
  16  1:02  Drone  
  17  1:08  Extractor  
  16  1:17  Spawning Pool  
  15  1:20  Drone  
  16  1:30  Overlord  
  16  1:40  Drone  
  16  1:44  Drone  
  18  1:53  Drone  
  19  2:05  Queen  
  19  2:08  Queen  
  21  2:12  Drone x3  
  26  2:22  Overlord  
  26  2:43  Metabolic Boost  
  26  2:52  Zergling x10  
  26  2:53  Zergling x2  
  32  3:02  Extractor  
  32  3:05  Drone x2  
  33  3:29  Zergling x2  
  33  3:30  Zergling x14  
  41  3:40  Spine Crawler  
  36  3:58  Queen  
  32  4:07  Zergling x10  
  32  4:08  Zergling x2  
  38  4:17  Drone x2  
  38  4:18  Drone  
  41  4:40  Zergling x6  
  41  4:44  Overlord x2  
  44  4:48  Lair  
  44  5:18  Drone  
  44  5:19  Drone x6  
  44  5:20  Drone x2  
  53  5:26  Spine Crawler  
  51  6:01  Zergling x8  
  51  6:02  Zergling x8  
  59  6:21  Overlord x2  
  59  6:32  Spire  
  58  6:39  Queen  
  60  7:06  Overseer x2  
  60  7:13  Overlord x3  
  60  7:22  Pneumatized Carapace  
  60  7:49  Extractor  
  60  7:50  Extractor  
  58  8:12  Mutalisk x2  
  58  8:13  Mutalisk x6  
  58  8:14  Mutalisk  
  63  9:15  Hatchery  
  56  9:55  Drone x3  
  56  9:56  Drone x5  
  64  10:01  Mutalisk  
  64  10:02  Mutalisk x5  
  76  10:14  Zerg Flyer Weapons Level 1  
  76  10:55  Mutalisk x3  
  76  10:56  Mutalisk x3  
  88  12:03  Queen  
  68  13:19  Mutalisk x4  
  66  13:20  Mutalisk x7  
  66  13:21  Mutalisk x5  
  96  14:00  Baneling Nest  
  75  14:50  Hatchery  
  64  16:04  Queen  
  66  16:34  Mutalisk x6  
  66  16:36  Mutalisk x2  
Tags
 
Add a new tag
Caveats
  • Supply blocks, unpowered buildings, or Contaminate may cause inaccurate times.
  • Supply counts are checked every 10 seconds.